 Dungeon Crawl Stone Soup version 0.19-a0-628-g9200b3b (webtiles) character file.

212 Leszczynek the Cudgeler (level 5, -2/48 HPs)
             Began as an Ogre Artificer on June 13, 2016.
             Slain by a phantom (9 damage)
             ... on level 4 of the Dungeon.
             The game lasted 00:07:30 (4367 turns).

Leszczynek the Cudgeler (Ogre Artificer)            Turns: 4367, Time: 00:07:31

Health: -2/48      AC:  3    Str: 17    XL:     5   Next: 89%
Magic:  6/6        EV: 10    Int: 10    God:
Gold:   65         SH:  0    Dex: 11    Spells: 0 memorised, 4 levels left

rFire  . . .     SeeInvis .     v - +0 flail
rCold  . . .     Gourm    .     b - +0 robe
rNeg   . . .     Faith    .     (no shield)
rPois  .         Spirit   .     (helmet restricted)
rElec  .         Dismiss  .     (no cloak)
rCorr  .         Reflect  .     (gloves unavailable)
SustAt .         Harm     .     (boots unavailable)
MR     .....                    t - amulet of rage
Stlth  ++........               (no ring)
                                (no ring)

@: not resistant to hostile enchantments, unstealthy
A: unfitting armour, tough skin 1
a: Evoke Berserk Rage


You were on level 4 of the Dungeon.
You were not hungry.

You visited 1 branch of the dungeon, and saw 4 of its levels.

You collected 65 gold pieces.

Inventory:

Hand Weapons
 v - a +0 flail (weapon)
Missiles
 q - 35 sling bullets
Armour
 b - a +0 robe (worn)
Jewellery
 t - an amulet of rage (around neck)
Wands
 c - a wand of flame (0/48)
 d - a wand of enslavement (15/24)
 e - a wand of random effects (10/48)
 m - a wand of lightning (7/15)
Scrolls
 g - 3 scrolls of identify {unknown}
 i - a scroll of noise {unknown}
 l - 4 scrolls of enchant armour {unknown}
 n - 2 scrolls of remove curse {unknown}
 p - 2 scrolls of teleportation {unknown}
 s - a scroll of recharging {unknown}
Potions
 a - a potion of haste {unknown}
 h - a potion of mutation {unknown}
 o - 2 potions of degeneration {unknown}
 r - a potion of agility
Comestibles
 f - a bread ration
 j - a beef jerky
 u - a chunk of flesh


   Skills:
 - Level 1.3 Fighting
   Level 0.5 Short Blades
 + Level 6.6 Maces & Flails
 - Level 1.7 Dodging
 - Level 2.0 Stealth
 - Level 2.4 Evocations


You had 4 spell levels left.
You didn't know any spells.

Dungeon Overview and Level Annotations

Branches:
Dungeon (4/15)
 Temple: D:4-7

Altars:
Xom
Yredelemnul
Zin

Annotations:
D:2 Sigmund, Terence
D:3 Grinder


Innate Abilities, Weirdness & Mutations

You are too large for most types of armour.
You have tough skin. (AC +1)


Message History

You miss the phantom.
The phantom is severely damaged.
The phantom hits you!
You closely miss the phantom.
The phantom is severely damaged.
You hit the phantom but do no damage.
The phantom is severely damaged.
The phantom hits you!
* * * LOW HITPOINT WARNING * * *
You are too injured to fight recklessly!
You hit the phantom.
The phantom is severely damaged.
The phantom hits you.
* * * LOW HITPOINT WARNING * * *
You thump the phantom!
The phantom is almost destroyed.
You closely miss the phantom.
The phantom is almost destroyed.
The phantom hits you!
You die...

#>.####..# #.###....# ####
#..#.....## ....###
#÷........# !......###
#.........# ⌠).......#
#.#.......### [.W......#
#.##........#### ....###..##
#.###........).#########.....#
#.# ###........@.............#
#.# ###.......W...........⌠#
#.# ######...........#####
#############


You could see a phantom.

Vanquished Creatures
  A hound (D:4)
  Jessica (D:3)
  Ijyb (D:3)
  A worker ant (D:4)
  7 adders
  An ooze (D:1)
  A worm (D:2)
  An orc (D:4)
  2 giant cockroaches
  2 goblins (D:2)
  4 hobgoblins
  2 quokkas (D:3)
  3 bats
  5 giant newts
  3 kobolds
  4 rats
39 creatures vanquished.

Vanquished Creatures (collateral kills)
  An adder (D:3)
1 creature vanquished.

Grand Total: 40 creatures vanquished

Notes
Turn   | Place    | Note
--------------------------------------------------------------
     0 | D:1      | Leszczynek the Ogre Artificer began the quest for the Orb.
     0 | D:1      | Reached XP level 1. HP: 19/19 MP: 2/2
    76 | D:1      | Reached skill level 1 in Stealth
   429 | D:1      | Reached XP level 2. HP: 16/27 MP: 3/3
   974 | D:2      | Noticed Sigmund
  1267 | D:2      | Reached skill level 1 in Maces & Flails
  1272 | D:2      | Reached XP level 3. HP: 25/33 MP: 4/4
  1473 | D:2      | Reached skill level 2 in Maces & Flails
  2048 | D:2      | Reached skill level 3 in Maces & Flails
  2062 | D:2      | Noticed Terence
  2091 | D:2      | Reached XP level 4. HP: 21/41 MP: 5/5
  2359 | D:3      | Noticed Ijyb
  2378 | D:3      | Killed Ijyb
  2378 | D:3      | Reached skill level 4 in Maces & Flails
  2477 | D:3      | Noticed an angel
  2478 | D:3      | Found a shimmering altar of Xom.
  2482 | D:3      | Found a glowing silver altar of Zin.
  2673 | D:3      | Noticed Jessica
  3059 | D:3      | Noticed a phantom
  3364 | D:3      | Reached skill level 5 in Maces & Flails
  3515 | D:3      | Noticed Grinder
  3537 | D:3      | Found a basalt altar of Yredelemnul.
  3737 | D:3      | Killed Jessica
  3737 | D:3      | Reached XP level 5. HP: 47/48 MP: 6/6
  3868 | D:4      | Reached skill level 6 in Maces & Flails
  4339 | D:4      | Noticed a phantom
  4367 | D:4      | Slain by a phantom

Vault maps used:
D:1:      lightli_arrival_statue_moat
D:2:      uniq_terence, uniq_sigmund
D:3:      grunt_temple_overflow_order_and_chaos_1, lemuel_doored_altar,
          serial_corexii_hall, corexii_hall_statues_i, corexii_hall_statues_l,
          uniq_grinder, uniq_iyjb, uniq_jessica
D:4:      kennysheep_spiral_hall, kennysheep_mini, nicolae_gozag_seed_capital,
          minmay_temple_entry_nine_rooms, first_bread, enter_ossuary_2,
          serial_shops, shop, corexii_corridor_pit

Skill      XL: |  1  2  3  4  5 |
---------------+----------------+-----
Stealth        | 1 2 |  2.0
Maces & Flails | 1 3 5 6 |  6.6
Fighting       | |  1.3
Short Blades   | |  0.5
Dodging        | |  1.7
Evocations     | |  2.4

Action                   |  1- 3 |  4- 6 || total
-------------------------+-------+-------++-------
Melee: Short sword       |   103 |     2 ||   105
       Mace              |       |    90 ||    90
       Dagger            |       |     4 ||     4
       Flail             |       |    10 ||    10
Evoke: Wand              |     9 |    12 ||    21
 Stab: Sleeping          |       |     2 ||     2
  Eat: Chunk             |     3 |     6 ||     9
       Pizza             |       |     1 ||     1
Armor: Robe              |    28 |    24 ||    52
Dodge: Dodged            |    56 |    54 ||   110
